 Dungeon Crawl Stone Soup version 0.27.1-33-g824d729ab1 (webtiles) character file.

Game seed: 1893485487146713678

19 Radix the Skirmisher (level 2, -1/28 HPs)
             Began as a Minotaur Abyssal Knight on Dec 31, 2021.
             Was a Follower of Lugonu.
             Slain by an ogre (9 damage)
             ... on level 2 of the Dungeon.
             The game lasted 00:06:19 (680 turns).

Radix the Skirmisher (Minotaur Abyssal Knight)       Turns: 680, Time: 00:06:20

Health: -1/28      AC:  8    Str: 16    XL:     2   Next: 55%
Magic:  2/2        EV:  7    Int:  9    God:    Lugonu [*.....]
Gold:   0          SH:  0    Dex:  9    Spells: 1/1 levels left

rFire    . . .     SeeInvis .   a - +1 hand axe
rCold    . . .     Faith    .   (no shield)
rNeg     . . .     Spirit   .   f - +0 chain mail
rPois    .         Reflect  .   (helmet restricted)
rElec    .         Harm     .   (no cloak)
rCorr    .         Rampage  .   (no gloves)
Will     .....                  (no boots)
Stlth    ..........             (no amulet)
HPRegen  0.09/turn              (no ring)
MPRegen  0.08/turn              (no ring)

@: no status effects
A: horns 2, retaliatory headbutt
a: Renounce Religion, Depart the Abyss


You were on level 2 of the Dungeon.
You worshipped Lugonu.
Lugonu was aware of your devotion.
You visited 1 branch of the dungeon, and saw 2 of its levels.
You visited the Abyss 1 time.

Inventory:

Hand Weapons
 a - a +1 hand axe (weapon)
 d - a +0 hunting sling
 h - a +0 long sword
 j - a +0 halberd
Missiles
 c - 19 bolts
Armour
 b - a +0 leather armour
 f - a +0 chain mail (worn)
Scrolls
 g - a scroll of teleportation {unknown}
 i - a scroll of identify {unknown}
Potions
 e - a potion of curing {unknown}


   Skills:
 + Level 4.5 Fighting
 + Level 2.7 Axes
 + Level 2.4 Armour
 + Level 1.1 Dodging
 + Level 1.8 Invocations


You had one spell level left.
You didn't know any spells.
Your spell library contained the following spells:

 Spells                   Type           Power      Damage    Failure   Level
 Shock                    Conj/Air       0%         1d3       100%        1
 Stone Arrow              Conj/Erth      0%         3d7       100%        3
 Swiftness                Air            0%         N/A       100%        3
 Airstrike                Air            0%         N/A       100%        4
 Animate Armour           Summ/Erth      0%         N/A       100%        4
 Lehudib's Crystal Spear  Conj/Erth      0%         10d2      100%        8


Dungeon Overview and Level Annotations

Branches:
Dungeon (2/15)

Altars:


Innate Abilities, Weirdness & Mutations

You have a pair of horns on your head.
You reflexively headbutt those who attack you in melee.


Message History

The bat hits you but does no damage. The bat hits you but does no damage.
The bat hits you but does no damage. The bat hits you.
You barely miss the bat. The bat hits you but does no damage. The bat hits you.
You hit the bat. Your headbutt misses the bat.
The bat is severely wounded.
The bat closely misses you. The bat hits you but does no damage.
The bat closely misses you. The bat hits you but does no damage.
Your chain mail prevents you from hitting the bat.
You headbutt the bat.
You kill the bat!
Lugonu accepts your kill.
Found a scroll labelled ORIMUU JIEGUXUA.
Found a leather armour and a robe.
You see here a +0 long sword.
h - a +0 long sword You see here a +0 leather armour.
i - a scroll labelled ORIMUU JIEGUXUA You see here a +0 halberd.
You see here a +0 halberd.
j - a +0 halberd You see here a +0 leather armour.
An ogre comes into view. It is wielding a +0 giant club.
The ogre shouts!
Found a ring mail.
You slash the plant!
The plant begins to die.
The plant is lightly damaged.
You hit the plant.
The plant is lightly damaged.
You hit the ogre.
The ogre hits you with a +0 giant club!!
Ouch! That really hurt!
* * * LOW HITPOINT WARNING * * *
You hit the plant.
The plant is lightly damaged.
You hit the ogre. The ogre hits you with a +0 giant club!
You die...

....... .......
.......### O........# #
.........###### .P≈####
..............#
..P...O##...............
.PPP..P@.#######.......#
..###[##............<..#
# #...............#
#............<†.#
#..[............#
#.........####.##
#..[......# #.#
#.........# #.#
#...............


You could see an ogre.

Vanquished Creatures
  3 endoplasms (D:1)
  A giant cockroach (D:1)
  2 goblins (D:1)
  A hobgoblin (D:1)
  2 kobolds (D:1)
  A quokka (D:1)
  4 bats
  2 frilled lizards (D:1)
  A rat (D:1)
17 creatures vanquished.

Notes
Turn   | Place    | Note
-------+----------+-------------------------------------------
     0 | Abyss:1  | Radix the Minotaur Abyssal Knight began the quest for the
                  | Orb.
     0 | Abyss:1  | Reached XP level 1. HP: 19/19 MP: 1/1
     0 | D:1      | Escaped the Abyss
   179 | D:1      | Reached skill level 4 in Fighting
   243 | D:1      | Reached XP level 2. HP: 27/27 MP: 2/2
   419 | D:1      | Reached * piety under Lugonu
   675 | D:2      | Noticed an ogre
   680 | D:2      | Slain by an ogre

Illustrated notes

Levels and vault maps discovered:
D:1:      dpeg_arrival_pits, layout_loops_ring
D:2:      layout_basic, serial_forest, infiniplex_forest_lined_2,
          infiniplex_forest_clump_tiny, infiniplex_forest_lined_2,
          infiniplex_forest_clump_large, infiniplex_forest_corner_2,
          infiniplex_forest_zigzag_2, infiniplex_forest_straight_3,
          shapermc_ecumenical_altar_mp_ritualfount, kennysheep_minor_cross,
          minmay_quantized

Skill      XL: |  1 |
---------------+----+-----
Fighting       | 4 |  4.5
Axes           | |  2.7
Armour         | |  2.4
Dodging        | |  1.1
Invocations    | |  1.8

Action                   || total
-------------------------++-------
Melee: Hand axe          ||    34
       Headbutt          ||     3
Invok: Depart the Abyss  ||     1
Armor: Leather armour    ||     3
       Chain mail        ||    15
Dodge: Dodged            ||    17
